Map: [EWC] Ghost River

Players

Maru

  • Race: Terran Terran
  • Spawn Location: 1:00

Cure - Winner!

  • Race: Terran Terran
  • Spawn Location: 11:00

Event: Esports World Cup 2024

VOD

Have the link to the VOD?

Description

Time

  • Played on: Aug. 17, 2024, 10:41 a.m.
  • Length: 10:22

All games in this series

Show
View Real Time Build Order
Export as new Build Order

Maru Terran 

Build Orders: Cyclone Opening, Reaper Expand 

Get SALT Encoding   

  12  0:00  SCV  
  13  0:12  SCV  
  14  0:17  Supply Depot  
  14  0:24  SCV  
  15  0:38  SCV  
  15  0:40  Barracks  
  15  0:42  Refinery  
  16  0:50  SCV  
  17  1:03  SCV  
  18  1:15  SCV  
  19  1:27  Orbital Command, Reaper  
  20  1:45  Command Center  
  20  1:51  Supply Depot  
  20  1:52  SCV  
  21  1:58  Marine  
  22  2:05  SCV  
  22  2:08  Factory  
  23  2:14  Bunker  
  23  2:17  SCV  
  23  2:20  Marine  
  25  2:26  Refinery  
  25  2:29  SCV  
  26  2:37  Marine  
  26  2:41  SCV  
  28  2:52  Cyclone  
  28  2:54  Starport  
  28  2:56  SCV  
  31  3:02  Orbital Command  
  31  3:05  Barracks Reactor  
  31  3:08  SCV  
  31  3:11  Refinery  
  32  3:20  SCV  
  32  3:24  Cyclone  
  32  3:27  Supply Depot  
  35  3:28  SCV  
  35  3:33  SCV  
  39  3:40  SCV  
  40  3:42  Marine x2  
  40  3:45  SCV  
  43  3:50  Medivac  
  43  3:52  SCV  
  44  3:57  SCV  
  44  3:59  Factory Tech Lab  
  44  4:00  Marine x2  
  46  4:05  Command Center  
  46  4:07  SCV  
  47  4:17  Supply Depot  
  47  4:18  Marine x2  
  47  4:22  SCV x2  
  47  4:23  Factory Tech Lab  
  51  4:27  Raven  
  51  4:28  Interference Matrix  
  51  4:31  Supply Depot  
  53  4:36  Marine  
  54  4:38  Marine  
  54  4:39  SCV x2  
  54  4:40  Refinery  
  60  4:45  Siege Tank  
  60  4:51  SCV x2  
  62  4:54  Supply Depot  
  62  4:59  Marine  
  62  5:00  Marine  
  62  5:02  Raven  
  62  5:03  SCV x2  
  68  5:14  Barracks x2  
  68  5:15  SCV  
  69  5:21  Orbital Command  
  69  5:26  Siege Tank  
  74  5:32  SCV  
  75  5:37  SCV  
  75  5:42  Engineering Bay  
  74  5:43  Engineering Bay, Viking x2  
  74  5:44  SCV  
  74  5:47  Marine, Stimpack  
  80  5:53  SCV x2  
  82  5:58  Supply Depot, SCV  
  82  6:01  Siege Tank  
  82  6:02  Barracks Reactor  
  86  6:05  Marine  
  86  6:11  Barracks Reactor  
  86  6:12  SCV x2  
  86  6:13  SCV  
  89  6:18  Supply Depot  
  89  6:22  Terran Infantry Weapons Level 1, Terran Infantry Armor Level 1  
  89  6:29  Marine  
  89  6:31  Viking x2  
  94  6:33  Siege Tank  
  94  6:39  Marine x2  
  99  6:42  Supply Depot  
  98  6:47  Marine  
  99  6:55  Marine x2  
  99  6:57  Marine x2  
  103  7:05  Marine  
  103  7:06  Viking  
  103  7:07  Viking  
  107  7:13  Marine x2  
  107  7:14  Marine x2  
  111  7:16  Siege Tank  
  114  7:23  Marine  
  114  7:27  Combat Shield  
  114  7:28  Supply Depot  
  115  7:31  Marine x2  
  115  7:33  Supply Depot  
  115  7:36  Medivac  
  117  7:41  Marine  
  117  7:43  Barracks, Medivac  
  117  7:46  Barracks  
  117  7:49  Marine x2  
  119  7:59  Siege Tank, Marauder  
  121  8:07  Marine x2  
  121  8:09  Medivac  
  122  8:16  SCV  
  122  8:19  SCV  
  80  8:21  Marauder  
  80  8:25  SCV, Marine x2  
  69  8:31  SCV  
  65  8:42  Marauder  
  65  8:43  Marine x2  
  65  8:44  Marine  
  65  8:45  SCV x2  
  65  8:47  SCV  
  73  8:57  SCV x2  
  73  9:00  Marine x2  
  73  9:01  Marine x3, Liberator  
  83  9:03  Marauder  
  85  9:18  Marine x3  
  85  9:19  Siege Tank  
  91  9:25  Marine, Marauder  
  91  9:28  Marine  
  89  9:36  Marine x3  
  89  9:42  Marine  
  88  9:46  Marine, Marauder  
  87  9:54  Marine x2  
  87  9:57  Marine  
  89  10:00  Marine  
Show
View Real Time Build Order
Export as new Build Order

Cure Terran - Winner!

Build Orders:  

Get SALT Encoding   

  12  0:00  SCV  
  13  0:12  SCV  
  14  0:17  Supply Depot  
  14  0:24  SCV  
  15  0:38  SCV  
  15  0:40  Barracks  
  15  0:42  Refinery  
  16  0:50  SCV  
  16  0:52  Refinery  
  17  1:02  SCV  
  18  1:15  SCV  
  19  1:27  Orbital Command, Reaper  
  19  1:30  Supply Depot  
  20  1:42  Factory  
  20  1:53  SCV  
  21  1:59  Reaper  
  22  2:05  SCV  
  23  2:17  SCV  
  23  2:21  Command Center  
  24  2:27  Hellion  
  24  2:29  SCV  
  27  2:38  Starport  
  27  2:41  SCV  
  27  2:42  Barracks Reactor  
  28  2:51  Supply Depot, Factory Tech Lab  
  28  2:54  SCV  
  29  3:06  SCV  
  29  3:18  SCV  
  29  3:19  Marine  
  30  3:20  Marine, Factory Tech Lab  
  30  3:21  Raven  
  30  3:23  Refinery  
  34  3:30  SCV  
  34  3:34  Orbital Command  
  35  3:37  Marine  
  35  3:40  Siege Tank  
  39  3:43  SCV  
  39  3:44  Interference Matrix  
  39  3:46  Marine  
  41  3:55  SCV, Marine  
  42  4:02  SCV  
  44  4:04  Marine  
  44  4:05  Raven  
  44  4:08  Supply Depot  
  47  4:12  SCV  
  47  4:13  Marine  
  47  4:14  SCV  
  50  4:18  Supply Depot  
  50  4:21  Siege Tank  
  53  4:26  SCV  
  53  4:30  SCV  
  55  4:32  Supply Depot, Marine x2  
  57  4:39  SCV  
  57  4:42  SCV  
  57  4:51  SCV  
  58  4:54  SCV  
  58  4:55  Viking x2  
  63  5:00  Marine  
  63  5:01  Siege Tank  
  63  5:04  SCV  
  63  5:06  SCV  
  69  5:07  Supply Depot  
  69  5:16  SCV  
  69  5:18  SCV, Marine  
  72  5:24  Supply Depot  
  72  5:25  Viking x2  
  76  5:29  SCV  
  76  5:30  SCV  
  77  5:35  Marine  
  77  5:36  Supply Depot, Refinery  
  77  5:41  SCV  
  77  5:42  SCV  
  80  5:45  Siege Tank  
  80  5:49  Supply Depot  
  83  5:53  Marine  
  83  5:55  Viking x2  
  83  5:56  SCV x2  
  88  6:11  Marine  
  88  6:15  Command Center  
  88  6:16  SCV x2  
  91  6:20  Siege Tank  
  91  6:22  Stimpack  
  94  6:26  Viking  
  94  6:27  Viking  
  94  6:29  Marine  
  99  6:38  SCV x2  
  101  6:45  Barracks  
  101  6:47  Marine, Barracks  
  98  6:57  Viking x2  
  101  7:01  Siege Tank  
  101  7:04  Marine  
  103  7:14  SCV x2  
  99  7:22  Marine  
  95  7:27  Viking x2  
  98  7:31  SCV  
  99  7:39  Orbital Command  
  99  7:40  Marine  
  100  7:47  Siege Tank  
  103  7:51  Marine x2  
  103  7:57  SCV x2  
  103  7:58  Marine  
  100  8:09  Marine  
  96  8:13  Marine  
  96  8:16  SCV  
  79  8:23  Marine  
  79  8:26  Siege Tank  
  72  8:28  Viking x2  
  72  8:30  SCV x2  
  72  8:34  Barracks Reactor x2  
  74  8:35  SCV  
  74  8:40  Marine  
  74  8:42  SCV  
  74  8:45  SCV  
  74  8:47  SCV  
  77  8:49  Combat Shield  
  77  8:58  Marine  
  77  9:01  SCV x2  
  80  9:05  Siege Tank  
  80  9:06  SCV  
  80  9:07  Engineering Bay x2  
  84  9:13  SCV x2  
  84  9:14  Marine  
  84  9:15  Marine x2  
  89  9:28  SCV x2  
  89  9:30  Viking  
  93  9:34  Supply Depot  
  93  9:37  Marine x4  
  96  9:41  Orbital Command  
  96  9:43  Siege Tank  
  95  9:49  Marine  
  94  9:55  Marine x4  
Tags
 
Add a new tag
Caveats
  • Supply blocks, unpowered buildings, or Contaminate may cause inaccurate times.
  • Supply counts are checked every 10 seconds.